 Dungeon Crawl Stone Soup version 0.19.1 (webtiles) character file.

1633 Host24 the Nimble (level 9, -1/55 (57) HPs)
             Began as a Kobold Hunter on Dec 30, 2016.
             Was a Priest of Okawaru.
             Slain by an ogre
             ... wielding a +0 giant club
              (9 damage)
             ... on level 7 of the Dungeon.
             The game lasted 00:10:41 (5476 turns).

Host24 the Nimble (Kobold Hunter)                   Turns: 5476, Time: 00:10:41

HP:   -1/55 (57)    AC:  6    Str: 10    XL:     9   Next: 18%
MP:   9/9           EV: 22    Int: 12    God:    Okawaru [***...]
Gold: 339           SH:  0    Dex: 18    Spells: 0 memorised, 8 levels left

rFire  . . .     SeeInvis .     a - +1 hand crossbow
rCold  . . .     Gourm    .     c - +0 leather armour
rNeg   . . .     Faith    .     (shield restricted)
rPois  .         Spirit   .     o - +0 helmet
rElec  .         Reflect  .     D - +0 cloak
rCorr  .         Harm     .     (no gloves)
MR     .....                    u - +0 pair of boots
Stlth  ++........               (no amulet)
                                (no ring)
                                (no ring)

@: no status effects
A: blurry vision 2, carnivore 3, regeneration 1
a: Heroism, Renounce Religion


You were on level 7 of the Dungeon.
You worshipped Okawaru.
Okawaru was most pleased with you.
You were completely stuffed.

You visited 2 branches of the dungeon, and saw 8 of its levels.

You collected 339 gold pieces.

Inventory:

Hand Weapons
 a - a +1 hand crossbow (weapon)
 z - a +2 falchion of freezing
 C - a +3 quarterstaff of chaos
 N - a +2 dagger of speed
Missiles
 d - 42 bolts (quivered)
 e - 228 stones
 i - 43 arrows
 p - 72 sling bullets
Armour
 c - a +0 leather armour (worn)
 o - a +0 helmet (worn)
 u - a +0 pair of boots (worn)
 D - a +0 cloak (worn)
Jewellery
 r - an uncursed ring of protection from fire {unknown}
 t - a cursed ring of protection from cold {unknown}
 w - a +4 ring of evasion {unknown}
 F - an uncursed amulet of rage {unknown}
 K - an uncursed ring of ice {unknown}
Wands
 v - a wand of enslavement (8/24)
Scrolls
 b - a scroll of enchant armour {unknown}
 g - a scroll of fear
 j - 2 scrolls of teleportation
 k - 4 scrolls of remove curse
 l - a scroll of immolation {unknown}
 n - 2 scrolls of noise {unknown}
 q - a scroll of blinking {unknown}
 s - 4 scrolls of identify {unknown}
 x - a scroll of amnesia {unknown}
 y - a scroll of magic mapping {unknown}
 G - 3 scrolls of recharging {unknown}
 I - a scroll of vulnerability {unknown}
 O - a scroll of enchant weapon {unknown}
Potions
 h - 2 potions of might
 m - a potion of mutation
 A - a potion of resistance {unknown}
 B - a potion of ambrosia {unknown}
 E - 2 potions of degeneration {unknown}
 H - a potion of cure mutation {unknown}
 L - a potion of curing
 M - a potion of flight {unknown}
Comestibles
 f - 4 meat rations


   Skills:
 - Level 7.4 Fighting
 + Level 6.4 Crossbows
 - Level 10.0 Dodging
 - Level 1.3 Stealth


You had 8 spell levels left.
You didn't know any spells.

Dungeon Overview and Level Annotations

Branches:
Dungeon (7/15)             Temple (1/1) D:4

Altars:
Ashenzari
Cheibriados
Dithmenos
Elyvilon
Fedhas
Gozag
Makhleb
Nemelex Xobeh
Okawaru
Qazlal
Ru
Trog
Uskayaw
Vehumet
Xom
Yredelemnul
Zin
The Shining One

Annotations:
D:3 Sigmund


Innate Abilities, Weirdness & Mutations

You are small and have problems with some larger weapons.
You are carnivorous and can eat meat at any time.
Scrolls take you longer to read.
Your natural rate of healing is unusually fast.


Message History

You hit the ogre.
The ogre is almost dead.
You hit the ogre.
The ogre is almost dead.
The ogre hits you with a giant club!!
Ouch! That really hurt!
* * * LOW HITPOINT WARNING * * *
You barely miss the ogre.
The ogre is almost dead.
The ogre completely misses you.
Wield which item (- for none, * to show all)? (? for menu, Esc to quit)
a - a +1 hand crossbow (weapon)
Firing (i - inventory. (,) - cycle):
d - 43 bolts (quivered)
Press: ? - help, Shift-Dir - straight line, f - ogre
Aim: an ogre, wielding a giant club (almost dead)
You shoot a bolt.
The bolt hits the ogre but does no damage.
The ogre is almost dead.
The ogre hits you with a giant club!
You die...

#......... #.#
#.######## #.# #
#.# #.#. #.#.#
#....>#.#.#######
..#.#...........#
#J#...#.#.#####.#
#O#...#.#.#...#<#
#@#...#.#.#.....#
#.#...#...###.#.#
#.#...#.#.###.#.#
#.....#..#....#.#
###.#.#..#.####.#
...#.#..#.####.#
#####.#..#......#
#.#..########
#...........


You could see an ogre and an ooze.

Vanquished Creatures
  Prince Ribbit (D:6)
  Grinder (D:6)
  A water moccasin (D:7)
  An ice beast (D:5)
  An ogre (D:5)
  A necrophage (D:5)
  A centaur (D:6)
  A bullfrog (D:6)
  A howler monkey (D:4)
  A centaur zombie (D:7)
  4 crimson imps
  A quasit (D:6)
  2 centaur skeletons
  Crazy Yiuf (D:4)
  3 hounds
  2 orc wizards (D:7)
  An iguana (D:6)
  A worker ant (D:5)
  4 gnolls
  A howler monkey skeleton (D:4)
  7 adders
  An ooze (D:7)
  An adder skeleton (D:5)
  3 worms
  4 leopard geckos
  8 orcs
  5 giant cockroaches
  9 goblins
  4 hobgoblins
  10 jackals (D:5)
  A quokka (D:4)
  10 bats
  8 frilled lizards
  4 kobolds
  A leopard gecko skeleton (D:5)
  9 rats
115 creatures vanquished.

Notes
Turn   | Place    | Note
-------+----------+-------------------------------------------
     0 | D:1      | Host24 the Kobold Hunter began the quest for the Orb.
     0 | D:1      | Reached XP level 1. HP: 12/12 MP: 1/1
   211 | D:1      | Reached XP level 2. HP: 15/19 MP: 2/2
   220 | D:1      | Reached skill level 3 in Dodging
   399 | D:1      | Reached XP level 3. HP: 20/23 MP: 3/3
   435 | D:1      | Reached skill level 5 in Crossbows
  1211 | D:2      | Gained mutation: Scrolls take you a little longer to read. [potion of mutation]
  1211 | D:2      | Gained mutation: Scrolls take you longer to read. [potion of mutation]
  1211 | D:2      | Gained mutation: Your natural rate of healing is unusually fast. [potion of mutation]
  1403 | D:2      | Reached XP level 4. HP: 29/29 MP: 4/4
  2190 | D:3      | Found a burning altar of Makhleb.
  2217 | D:3      | Found a shattered altar of Ashenzari.
  2217 | D:3      | Found a sacrificial altar of Ru.
  2224 | D:3      | Found a faded altar of an unknown god.
  2229 | D:3      | Reached XP level 5. HP: 32/34 MP: 5/5
  2231 | D:3      | Found a faded altar of an unknown god.
  2232 | D:3      | Found a stormy altar of Qazlal.
  2285 | D:3      | Reached skill level 5 in Fighting
  2350 | D:3      | Noticed Sigmund
  2617 | D:3      | Found a glowing silver altar of Zin.
  2618 | D:3      | Noticed a balrug
  2618 | D:3      | Noticed an angel
  2912 | D:4      | Found a staircase to the Ecumenical Temple.
  2933 | Temple   | Entered the Ecumenical Temple
  3139 | Temple   | Became a worshipper of Warmaster Okawaru
  3596 | D:4      | Found a runed door.
  3636 | D:4      | Reached XP level 6. HP: 29/41 MP: 6/6
  3826 | D:4      | Noticed Crazy Yiuf
  3830 | D:4      | Killed Crazy Yiuf
  3869 | D:5      | Entered Level 5 of the Dungeon
  4043 | D:5      | Noticed an ogre
  4050 | D:5      | Killed an ogre
  4050 | D:5      | Reached XP level 7. HP: 46/48 MP: 7/7
  4137 | D:5      | Reached * piety under Okawaru
  4137 | D:5      | Reached skill level 4 in Dodging
  4217 | D:5      | Reached skill level 5 in Dodging
  4269 | D:5      | Found a burning altar of Makhleb.
  4446 | D:5      | Reached skill level 6 in Dodging
  4446 | D:5      | Reached XP level 8. HP: 42/51 MP: 8/8
  4683 | D:6      | Reached ** piety under Okawaru
  4694 | D:6      | Noticed Prince Ribbit
  4703 | D:6      | Killed Prince Ribbit
  4703 | D:6      | Reached skill level 8 in Dodging
  4882 | D:6      | Noticed Grinder
  4929 | D:6      | Killed Grinder
  4929 | D:6      | Reached skill level 9 in Dodging
  5215 | D:7      | Reached *** piety under Okawaru
  5215 | D:7      | Reached XP level 9. HP: 44/55 MP: 9/9
  5223 | D:7      | Reached skill level 10 in Dodging
  5476 | D:7      | Slain by an ogre

Skill      XL: |  1  2  3  4  5  6  7  8  9 |
---------------+----------------------------+-----
Fighting       | 3 4 6 7 |  7.4
Dodging        | 3 6 9 10 | 10.0
Crossbows      | 5 6 |  6.4
Stealth        | |  1.3

Action                   |  1- 3 |  4- 6 |  7- 9 || total
-------------------------+-------+-------+-------++-------
Melee: Short sword       |    87 |   185 |       ||   272
       Falchion          |       |     4 |       ||     4
       Quarterstaff      |       |    34 |   154 ||   188
       Dagger            |       |       |    24 ||    24
 Fire: Hand crossbow     |    10 |    15 |    27 ||    52
  Use: Potion            |     2 |       |       ||     2
       Scroll            |       |     3 |       ||     3
 Stab: Sleeping          |     3 |     3 |     1 ||     7
       Petrified         |       |       |    11 ||    11
       Petrifying        |       |       |     2 ||     2
       Confused          |       |       |     1 ||     1
  Eat: Chunk             |     9 |    10 |     5 ||    24
Armor: Leather armour    |    18 |    61 |    50 ||   129
Dodge: Dodged            |    71 |   206 |   209 ||   486
       Rpst.: Falchion   |       |     2 |       ||     2
